Classic tactics1

Match 30215344
End
Vickers Machine Gun Team
Construct Section Command Post
Selects Indian Artillery Battlegroup
Infantry Section
Infantry Section
Infantry Section
Construct Platoon Command Post
Unlock M3 Stuart Light Tanks
Selects Valour
M3 Stuart Light Tank
M3 Stuart Light Tank
M3 Stuart Light Tank
Construct Field Infirmary
Selects Artillery Saturation
Selects Off-map Airburst Barrage
M3 Stuart Light Tank
Light Vehicle Training
M3 Stuart Light Tank
Selects Gurkha Rifles Section
M3 Stuart Light Tank
Off-map Airburst Barrage
M3 Stuart Light Tank
6-pounder Anti-tank Gun Team
Construct Company Command Post
Altair
Calyon
0
0

Comments sign in to comment!

No comments posted yet!